 Dungeon Crawl Stone Soup version 0.25-a0-667-gb977e01cb5 (webtiles) character file.

Game seed: 12327638060261771343, levelgen mode: deterministic

2256 kae the Destroyer (level 9, -1/45 HPs)
             Began as a Tengu Air Elementalist on Mar 27, 2020.
             Was a Follower of Vehumet.
             Slain by a bullfrog (5 damage)
             ... on level 8 of the Dungeon.
             The game lasted 00:07:40 (8491 turns).

kae the Destroyer (Tengu Air Elementalist)          Turns: 8491, Time: 00:07:41

Health: -1/45      AC:  3    Str:  9      XL:     9   Next: 37%
Magic:  12/18      EV: 15    Int: 18      God:    Vehumet [*.....]
Gold:   492        SH:  0    Dex: 14 (15) Spells: 6/19 levels left

rFire    . . .     SeeInvis .   o - +2 hand axe (vorpal)
rCold    . . .     Gourm    .   (no shield)
rNeg     . . .     Faith    .   a - +1 robe
rPois    .         Spirit   .   (helmet restricted)
rElec    .         Reflect  .   (no cloak)
rCorr    .         Harm     .   (no gloves)
MR       .....                  (boots unavailable)
Stlth    +++.......             (no amulet)
HPRegen  0.15/turn              (no ring)
MPRegen  0.16/turn              r - ring of stealth

@: flying quickly and evasively, quick
A: beak, talons 3, able to fly
a: Stop Flying, Renounce Religion


You were on level 8 of the Dungeon.
You worshipped Vehumet.
Vehumet was aware of your devotion.
You were near starving.

You visited 2 branches of the dungeon, and saw 9 of its levels.

You collected 492 gold pieces.

Inventory:

Hand Weapons
 o - a +2 vorpal hand axe (weapon)
Armour
 a - a +1 robe (worn)
Jewellery
 d - an uncursed amulet of rage
 r - a ring of stealth (right hand)
Wands
 k - a wand of iceblast (5)
 p - a wand of enslavement (4)
 v - a wand of acid (10)
Scrolls
 b - 5 scrolls of teleportation
 h - 2 scrolls of enchant armour
 j - 3 scrolls of remove curse
 q - 2 scrolls of summoning
 t - a scroll of immolation
 w - a scroll of fear
Potions
 f - a potion of lignification
 g - 4 potions of curing
 i - 2 potions of brilliance
 l - a potion of berserk rage {unknown}
 m - 2 potions of might {unknown}
 n - 3 potions of heal wounds {unknown}
 s - a potion of cancellation {unknown}
 u - a potion of magic {unknown}
Comestibles
 c - 3 rations


   Skills:
 - Level 2.1 Dodging
 - Level 2.0 Stealth
 + Level 5.8 Spellcasting
 + Level 10.8 Conjurations
 * Level 9.4 Air Magic


You had 6 spell levels left.
You knew the following spells:

 Your Spells              Type           Power        Failure   Level  Hunger
a - Shock                 Conj/Air       ####         1%          1    None
b - Static Discharge      Conj/Air       #####...     1%          3    ##.....
c - Airstrike             Air            #####.....   2%          4    ####...
d - Lightning Bolt        Conj/Air       #####.....   5%          5    #####..

Your spell library contained the following spells:

 Spells                   Type           Power        Failure   Level  Hunger
 Magic Dart               Conj           ####         1%          1    None
 Swiftness                Chrm/Air       ###.....     2%          2    None


Dungeon Overview and Level Annotations

Branches:
Dungeon (8/15)             Temple (1/1) D:5
   Lair: D:8-11

Altars:
Ashenzari
Dithmenos
Elyvilon
Gozag
Hepliaklqana
Makhleb
Nemelex Xobeh
Okawaru
Qazlal
Ru
Sif Muna
Trog
Vehumet
Wu Jian
Xom
Yredelemnul
Zin
The Shining One

Shops:
D:5 %


Innate Abilities, Weirdness & Mutations

You have a beak for a mouth.
You have claws for feet.
You can fly continuously.


Message History

The bullfrog is almost dead.
The lightning grounds out.
The bullfrog misses you.
The ogre hits you with a +0 giant spiked club!
* * * LOW HITPOINT WARNING * * *
A leopard gecko skeleton comes into view.
The bullfrog barely misses you.
A water moccasin comes into view.
The bullfrog closely misses you. The ogre misses you.
The bullfrog barely misses you. The bullfrog hits you.
* * * LOW HITPOINT WARNING * * *
The water moccasin hisses angrily.
You feel better. The bullfrog hits you!
* * * LOW HITPOINT WARNING * * *
The bullfrog closely misses you. The bullfrog barely misses you.
The bullfrog hits you but does no damage.
There is a stone staircase leading up here.
The bullfrog hits you.
You die...

..[##...............## ###
?...?.......####.....##..#
#.........## #.##.......
##.........####........
#..............†...##.
#..........O##....##
...........##S###...#
#.##.......###F###..## .
#.......###..@...†.###
..........###.........##
.#........#.#..........#
....... #............#
.....<........#..#
..#...........####
#.....####.## .......# #.#
......... ###


You could see a water moccasin, an ogre and a bullfrog.

Vanquished Creatures
  Sigmund (D:3)
  2 orc warriors (D:6)
  A sky beast (D:5)
  A necrophage (D:6)
  2 phantoms
  2 ogres (D:5)
  2 centaurs
  A bullfrog (D:7)
  A scorpion (D:8)
  4 killer bees (D:8)
  3 howler monkeys
  A crimson imp (D:6)
  A bullfrog zombie (D:5)
  A centaur zombie (D:5)
  A quasit (D:7)
  4 hounds
  2 orc priests
  5 orc wizards
  A bullfrog skeleton (D:4)
  2 iguanas
  A worker ant (D:4)
  A killer bee zombie (D:6)
  A hound skeleton (D:7)
  A howler monkey skeleton (D:4)
  7 gnolls
  An adder (D:3)
  3 shadow imps
  2 adder skeletons (D:4)
  4 worms
  4 dart slugs
  3 leopard geckos
  22 orcs
  A ball python (D:4)
  10 bats
  7 giant cockroaches
  2 goblins
  A hobgoblin (D:1)
  10 kobolds
  4 quokkas
  3 frilled lizards (D:3)
  A jackal zombie (D:7)
  3 rats
130 creatures vanquished.

Notes
Turn   | Place    | Note
-------+----------+-------------------------------------------
     0 | D:1      | kae the Tengu Air Elementalist began the quest for the Orb.
     0 | D:1      | Reached XP level 1. HP: 10/10 MP: 4/4
    68 | D:1      | Reached skill level 2 in Conjurations
   129 | D:1      | Reached XP level 2. HP: 15/15 MP: 4/6
  1126 | D:2      | Reached XP level 3. HP: 19/19 MP: 3/7
  1200 | D:2      | Reached skill level 3 in Conjurations
  1205 | D:2      | Learned a level 3 spell: Static Discharge
  1622 | D:2      | Reached XP level 4. HP: 11/24 MP: 1/8
  2392 | D:3      | Noticed Sigmund
  2423 | D:3      | Found a faded altar of an unknown god.
  2549 | D:3      | Reached skill level 4 in Conjurations
  2550 | D:3      | Found a sparkling altar of Nemelex Xobeh.
  2795 | D:3      | Reached skill level 5 in Air Magic
  2979 | D:3      | Gained mutation: You can fly continuously. [Tengu growth]
  2979 | D:3      | Reached XP level 5. HP: 25/28 MP: 8/10
  3265 | D:4      | Found a burning altar of Makhleb.
  3395 | D:4      | Reached skill level 5 in Conjurations
  3468 | D:4      | Reached XP level 6. HP: 23/32 MP: 1/11
  3890 | D:4      | Reached skill level 6 in Conjurations
  4597 | D:3      | Killed Sigmund
  4597 | D:3      | Reached skill level 7 in Conjurations
  4597 | D:3      | Reached XP level 7. HP: 16/36 MP: 4/13
  4733 | D:5      | Entered Level 5 of the Dungeon
  4752 | D:5      | Found a staircase to the Ecumenical Temple.
  4777 | Temple   | Entered the Ecumenical Temple
  4798 | Temple   | Learned a level 4 spell: Airstrike
  4804 | Temple   | Learned a level 5 spell: Lightning Bolt
  5039 | Temple   | Became a worshipper of Vehumet
  5119 | D:5      | Found Ruwij's Food Shop.
  5436 | D:5      | Reached skill level 8 in Conjurations
  5436 | D:5      | Reached XP level 8. HP: 23/41 MP: 0/15
  5979 | D:5      | Reached skill level 9 in Conjurations
  6337 | D:6      | Reached skill level 5 in Spellcasting
  6597 | D:6      | Reached * piety under Vehumet
  6597 | D:6      | Offered knowledge of Magic Dart by Vehumet.
  6681 | D:6      | Reached skill level 10 in Conjurations
  7035 | D:6      | Found a sparkling altar of Nemelex Xobeh.
  7091 | D:6      | Found a hazy altar of Hepliaklqana.
  7213 | D:6      | Reached XP level 9. HP: 19/42 MP: 5/18
  8491 | D:8      | Slain by a bullfrog

Levels and vault maps discovered:
D:1:      erik_arrival_triangle_small, layout_basic, solitary_fountain
D:2:      cheibrodos_pilgrimage, layout_basic, first_ration,
          chequers_serial_rivers_micro_a
D:3:      layout_rooms, old_standard_altar,
          chequers_ecumenical_altar_simple_redux, nrook_mini_backslash,
          minmay_fractal_squares_gapless_5, uniq_sigmund
D:4:      layout_loops_corners, makhleb_blood_cavern_becter
D:5:      layout_basic, minmay_temple_entry_overgrown, serial_shops,
          nicolae_shop_behind_doors, kennysheep_generic_room_4
D:6:      layout_basic, kennysheep_mini, minmay_liquid_box,
          nemelex_diamond_rough_becter
D:7:      layout_basic
D:8:      layout_cave_pools, fedhas_altar_decomposition, lair_entry_dummy,
          enter_bailey_7, hangedman_ranch [blue_anna_fruit_fields],
          lemuel_flame_loot_1
Temple:   regret_index_temple_waves

Skill      XL: |  1  2  3  4  5  6  7  8  9 |
---------------+----------------------------+-----
Conjurations   | 2 3 4 5 7 8 10 | 10.8
Air Magic      | 5 6 7 8 9 |  9.4
Spellcasting   | 3 4 5 |  5.8
Dodging        | |  2.1
Stealth        | |  2.0

Action                   |  1- 3 |  4- 6 |  7- 9 || total
-------------------------+-------+-------+-------++-------
Melee: Unarmed           |    54 |     4 |       ||    58
       Kick              |    11 |    14 |    19 ||    44
       Peck              |     8 |     2 |    11 ||    21
       Hand axe          |       |    80 |    77 ||   157
 Cast: Shock             |    46 |    90 |    90 ||   226
       Static Discharge  |       |       |    16 ||    16
       Airstrike         |       |       |    18 ||    18
 Abil: Fly               |       |     1 |       ||     1
  Use: Scroll            |     5 |       |     9 ||    14
       Potion            |       |     1 |     1 ||     2
 Stab: Sleeping          |       |     3 |     4 ||     7
  Eat: Chunk             |     2 |    10 |     7 ||    19
       Ration            |       |       |     2 ||     2
Armor: Robe              |    17 |    14 |    28 ||    59
       Skin              |       |    32 |       ||    32
Dodge: Dodged            |    54 |    71 |   134 ||   259

Table legend:
 A = Non-vault XP
 B = Vault XP
 C = Vault XP percentage of total XP
 D = Non-vault monster count
 E = Vault monster count
 F = Vault count percentage of total count
                 A         B        C        D         E       F
            +---------+---------+-------+---------+---------+-------
      Total |    2875 |     348 |  10.8 |     114 |      16 |  12.3
            +---------+---------+-------+---------+---------+-------
        D:1 |      21 |       0 |   0.0 |      12 |       0 |   0.0
        D:2 |      25 |      58 |  69.9 |      12 |       6 |  33.3
        D:3 |      40 |     244 |  85.9 |      14 |       8 |  36.4
        D:4 |     365 |      43 |  10.5 |      26 |       1 |   3.7
        D:5 |     819 |       3 |   0.4 |      14 |       1 |   6.7
        D:6 |     739 |       0 |   0.0 |      19 |       0 |   0.0
        D:7 |     434 |       0 |   0.0 |       9 |       0 |   0.0
        D:8 |     432 |       0 |   0.0 |       8 |       0 |   0.0
            +---------+---------+-------+---------+---------+-------
